 Dungeon Crawl Stone Soup version 0.31-a0-1019-g3dd9dd1025 (webtiles) character file.

Game seed: 11242724365717543565

718 Malachi the Ruffian (level 7, -2/50 (53) HPs)
             Began as a Gnoll Shapeshifter on Nov 17, 2023.
             Was a Believer of the Shining One.
             Slain by a wight
             ... wielding a +3 battleaxe
              (10 damage)
             ... on level 6 of the Dungeon.
             The game lasted 00:05:57 (4828 turns).

Malachi the Ruffian (Gnoll Shapeshifter)            Turns: 4828, Time: 00:05:57

HP:   -2/50 (53)    AC: 11    Str: 15    XL:     7   Next: 70%
MP:   11/11         EV:  5    Int: 10    God:    the Shining One [**....]
Gold: 302           SH:  5    Dex: 11    Spells: 11/11 levels left

rFire   + . .        e - +0 war axe
rCold   . . .        (no shield)
rNeg    + . .        n - +0 plate armour
rPois   +            (helmet currently unavailable)
rElec   .            (cloak currently unavailable)
rCorr   .            (gloves currently unavailable)
SInv    .            (boots currently unavailable)
Will    .....        y - amulet of reflection Stlth
                     m - ring of poison resistance
HPRegen 0.28/turn    x - ring of protection from fire
MPRegen 0.12/turn

%: reflection
@: beast-form, glowing, drained
A: beast (slay +4), fangs 1, strong nose, distributed training
a: Begin Untransformation, Renounce Religion, Divine Shield


You were on level 6 of the Dungeon.
You worshipped the Shining One.
The Shining One was pleased with you.
You were a hulking beast.
You visited 1 branch of the dungeon, and saw 6 of its levels.

You collected 302 gold pieces.

Inventory:

Hand Weapons
 e - a +0 war axe (weapon)
 t - a +2 vampiric dagger
Missiles
 l - 5 poisoned darts
Armour
 a - a +0 animal skin
 j - a +0 helmet
 n - a +0 plate armour (worn)
Jewellery
 g - an amulet of the acrobat
 m - a ring of poison resistance (left hand)
 x - a ring of protection from fire (right hand)
 y - an amulet of reflection (around neck)
Talismans
 c - a beast talisman
 d - a flux talisman
Wands
 r - a wand of digging (6)
 B - a wand of charming (5)
Scrolls
 o - 2 scrolls of butterflies {unknown}
 p - a scroll of brand weapon {unknown}
 q - 2 scrolls of teleportation {unknown}
 s - a scroll of identify {unknown}
 u - a scroll of blinking {unknown}
 v - a scroll of fog {unknown}
 w - a scroll of amnesia {unknown}
 A - a scroll of enchant weapon {unknown}
Potions
 b - 2 potions of lignification
 f - 2 potions of heal wounds
 h - 4 potions of curing {unknown}
 i - a potion of attraction {unknown}
 k - a potion of invisibility {unknown}
 z - a potion of ambrosia {unknown}
 C - 2 potions of mutation {unknown}


   Skills:
 + Level 3.8 Fighting
 + Level 2.7 Short Blades
 + Level 2.7 Long Blades
 + Level 2.7 Axes
 + Level 2.7 Maces & Flails
 + Level 2.7 Polearms
 + Level 2.7 Staves
 + Level 2.7 Ranged Weapons
 + Level 2.7 Throwing
 + Level 2.7 Armour
 + Level 5.3 Dodging
 + Level 2.7 Stealth
 + Level 2.7 Shields
 + Level 7.1 Unarmed Combat
 + Level 2.7 Spellcasting
 + Level 2.2 Conjurations
 + Level 2.2 Hexes
 + Level 2.2 Summonings
 + Level 2.2 Necromancy
 + Level 2.2 Translocations
 + Level 2.2 Transmutations
 + Level 2.2 Fire Magic
 + Level 2.2 Ice Magic
 + Level 2.2 Air Magic
 + Level 2.2 Earth Magic
 + Level 2.2 Poison Magic
 + Level 3.0 Invocations
 + Level 2.7 Evocations
 + Level 7.0 Shapeshifting


You had 11 spell levels left.
You didn't know any spells.
Your spell library contained the following spells:

 Spells                   Type           Power      Damage    Failure   Level
 Ensorcelled Hibernation  Hex/Ice        10%        N/A       100%        2
 Lesser Beckoning         Tloc           10%        N/A       100%        2
 Passwall                 Tmut/Erth      4%         N/A       100%        2
 Poisonous Vapours        Pois/Air       10%        N/A       100%        2
 Sublimation of Blood     Necr           5%         N/A       100%        2
 Gell's Gravitas          Tloc           5%         N/A       100%        3
 Mephitic Cloud           Conj/Pois/Air  5%         N/A       100%        3
 Swiftness                Air            5%         N/A       100%        3
 Teleport Other           Tloc           5%         N/A       100%        3
 Olgreb's Toxic Radiance  Pois           5%         N/A       100%        4
 Petrify                  Tmut/Erth      5%         N/A       100%        4
 Freezing Cloud           Conj/Ice/Air   2%         6-21      100%        5
 Irradiate                Conj/Tmut      2%         3d12      100%        5
 Discord                  Hex            2%         N/A       100%        8
 Ignition                 Fire           2%         3d3       100%        8


Dungeon Overview and Level Annotations

Branches:
Dungeon (6/15)             Temple (0/1) D:5

Altars:
Kikubaaqudgha
Ru
Vehumet
The Shining One


Innate Abilities, Weirdness & Mutations

You are a hulking beast.
Your limbs bulge with bestial killing power. (Slay +4)
You have very sharp teeth.
Your uncanny sense of smell can sniff out nearby items.
Your experience applies equally to all skills.


Message History

The wyvern zombie is lightly damaged.
You hit the centaur zombie.
The centaur zombie hits you but does no damage.
You block the centaur zombie's attack. The wyvern zombie bites you.
The centaur zombie barely misses you. You block the centaur zombie's attack.
The wyvern zombie bites you!
The wyvern zombie attacks as it pursues you!
You block the wyvern zombie's attack.
You slash the wyvern zombie!
The wyvern zombie is heavily damaged.
The wyvern zombie bites you but does no damage.
The wyvern zombie bites you.
You slash the wyvern zombie! You bite the wyvern zombie.
The wyvern zombie is almost destroyed.
You block the wyvern zombie's attack.
You barely miss the wight. You hit the wight.
The wight is moderately damaged.
The wight hits you with a +0 great sword.
The wight hits you with a +0 great sword!
You partially resist.
You feel drained.
You are too injured to fight recklessly!
You are too injured to fight recklessly!
You are too injured to fight recklessly!
You barely miss the wight.
The wight is moderately damaged.
The wight hits you with a +0 great sword.
You partially resist.
You feel drained.
You hit the wight but do no damage.
The wight is moderately damaged.
The wight closely misses you.
A wight comes into view. It is wielding a +3 morningstar.
You slash the wight!
The wight is severely damaged.
The wight hits you with a +3 battleaxe!
* * * LOW HITPOINT WARNING * * *
You hit the wight.
The wight is severely damaged.
The wight hits you with a +3 battleaxe!
You die...

.§§P~§~~..#....
##§.§§~~.....
.§§§§§~~z..
#§§~~~≈z###
#.§§.zZZ.#
##.##.##.#
#.##.# #.zZ.#
#h#### #.#
#.#####.#
#.......#
#.####### #.#
#######.#
.......<#
#########


You could see a wight and a wyvern zombie.

Vanquished Creatures
  An ogre (D:5)
  3 scorpions (D:5)
  A gnoll bouda (D:5)
  A hound (D:5)
  3 jellies
  An iguana (D:4)
  3 orc wizards
  9 gnolls
  3 adders (D:2)
  A worm (D:2)
  4 dart slugs
  7 orcs
  6 ball pythons
  4 endoplasms
  4 giant cockroaches
  8 goblins
  6 hobgoblins
  6 jackals
  A quokka (D:4)
  6 bats
  2 frilled lizards
  6 kobolds
  4 rats
90 creatures vanquished.

Notes
Turn   | Place    | Note
-------+----------+-------------------------------------------
     0 | D:1      | Malachi the Gnoll Shapeshifter began the quest for the Orb.
     0 | D:1      | Reached XP level 1. HP: 17/17 MP: 1/1
    89 | D:1      | Reached XP level 2. HP: 21/23 MP: 2/2
   447 | D:1      | Found a faded altar of an unknown god.
   499 | D:1      | Reached XP level 3. HP: 15/28 MP: 3/3
   980 | D:2      | Found a radiant altar of Vehumet.
  1057 | D:2      | Reached skill level 1 in Invocations
  1079 | D:2      | Reached skill level 1 in Short Blades
  1079 | D:2      | Reached skill level 1 in Long Blades
  1079 | D:2      | Reached skill level 1 in Axes
  1079 | D:2      | Reached skill level 1 in Maces & Flails
  1079 | D:2      | Reached skill level 1 in Polearms
  1079 | D:2      | Reached skill level 1 in Staves
  1079 | D:2      | Reached skill level 1 in Ranged Weapons
  1079 | D:2      | Reached skill level 1 in Throwing
  1079 | D:2      | Reached skill level 1 in Armour
  1079 | D:2      | Reached skill level 1 in Stealth
  1079 | D:2      | Reached skill level 1 in Shields
  1079 | D:2      | Reached skill level 1 in Spellcasting
  1079 | D:2      | Reached skill level 1 in Evocations
  1079 | D:2      | Reached XP level 4. HP: 22/34 MP: 5/5
  1293 | D:2      | Reached skill level 1 in Conjurations
  1293 | D:2      | Reached skill level 1 in Hexes
  1293 | D:2      | Reached skill level 1 in Summonings
  1293 | D:2      | Reached skill level 1 in Necromancy
  1293 | D:2      | Reached skill level 1 in Translocations
  1293 | D:2      | Reached skill level 1 in Transmutations
  1293 | D:2      | Reached skill level 1 in Fire Magic
  1293 | D:2      | Reached skill level 1 in Ice Magic
  1293 | D:2      | Reached skill level 1 in Air Magic
  1293 | D:2      | Reached skill level 1 in Earth Magic
  1293 | D:2      | Reached skill level 1 in Poison Magic
  1676 | D:2      | Reached XP level 5. HP: 39/40 MP: 5/7
  2079 | D:1      | Prayed at the altar of an unknown god.
  2079 | D:1      | Became a worshipper of the Shining One
  2079 | D:1      | Reached * piety under the Shining One
  2857 | D:4      | Found a sacrificial altar of Ru.
  3009 | D:4      | Reached XP level 6. HP: 47/47 MP: 8/8
  3192 | D:4      | Found an ancient bone altar of Kikubaaqudgha.
  3796 | D:5      | Entered Level 5 of the Dungeon
  3816 | D:5      | Reached skill level 5 in Dodging
  3907 | D:5      | Found a staircase to the Ecumenical Temple.
  3939 | D:5      | Reached XP level 7. HP: 22/52 MP: 10/10
  4813 | D:6      | Reached ** piety under the Shining One
  4828 | D:6      | Slain by a wight

Illustrated notes

Levels and vault maps discovered:
D:1:      erik_arrival_orb_chamber, layout_basic, ebering_ecumenical_altar_webs
D:2:      layout_rooms, basic_altar
D:3:      layout_basic
D:4:      layout_layer_cave, nicolae_ru_great_annihilating_truth,
          mainiacjoe_overflow_boulevard
D:5:      layout_rooms, minmay_temple_entry_arrows
D:6:      layout_loops_corners, serial_undead, serial_undead_a, serial_undead_a,
          serial_undead_f, serial_undead_e, serial_undead_f, serial_undead_f

Skill      XL: |  1  2  3  4  5  6  7 |
---------------+----------------------+-----
Invocations    | 1 2 3 |  3.0
Short Blades   | 1 2 |  2.7
Long Blades    | 1 2 |  2.7
Axes           | 1 2 |  2.7
Maces & Flails | 1 2 |  2.7
Polearms       | 1 2 |  2.7
Staves         | 1 2 |  2.7
Ranged Weapons | 1 2 |  2.7
Throwing       | 1 2 |  2.7
Armour         | 1 2 |  2.7
Stealth        | 1 2 |  2.7
Shields        | 1 2 |  2.7
Spellcasting   | 1 2 |  2.7
Evocations     | 1 2 |  2.7
Conjurations   | 1 2 |  2.2
Hexes          | 1 2 |  2.2
Summonings     | 1 2 |  2.2
Necromancy     | 1 2 |  2.2
Translocations | 1 2 |  2.2
Transmutations | 1 2 |  2.2
Fire Magic     | 1 2 |  2.2
Ice Magic      | 1 2 |  2.2
Air Magic      | 1 2 |  2.2
Earth Magic    | 1 2 |  2.2
Poison Magic   | 1 2 |  2.2
Fighting       | 3 |  3.8
Dodging        | 5 |  5.3
Unarmed Combat | 7 |  7.1
Shapeshifting  | 7 |  7.0

Action                     |  1- 3 |  4- 6 |  7- 9 || total
---------------------------+-------+-------+-------++-------
  Melee: Unarmed           |    14 |       |       ||    14
         War axe           |    56 |    99 |    38 ||   193
         Bite              |     3 |     9 |     3 ||    15
         Punch             |       |     8 |     4 ||    12
    Use: Potion            |       |     1 |       ||     1
   Stab: Sleeping          |     2 |       |       ||     2
 Armour: Animal skin       |    44 |    25 |       ||    69
         Plate armour      |       |    64 |    27 ||    91
  Dodge: Dodged            |    77 |    77 |    13 ||   167
  Block: Other             |       |       |    13 ||    13

Table legend: (Time is in decaauts)
 A = Elapsed time spent in this place.
 B = Non-inter-level travel time spent in this place.
 C = Inter-level travel time spent in this place.
 D = Time resting spent in this place.
 E = Time spent auto-exploring this place.
 F = Levels seen in this place.
 G = Mean time per level.
                   A        B        C        D        E       F      G
               +--------+--------+--------+--------+--------+-----+--------+
         Total |   4911 |   4667 |    244 |    976 |   2880 |   6 |  818.5 |
       Dungeon |   4911 |   4667 |    244 |    976 |   2880 |   6 |  818.5 |
               +--------+--------+--------+--------+--------+-----+--------+

Top non-repeatable levels by time:
     D:1: 1532 daAuts
     D:5: 1021 daAuts
     D:4: 1010 daAuts
     D:3: 737 daAuts
     D:2: 576 daAuts
     D:6: 32 daAuts
